 Dungeon Crawl Stone Soup version 0.17.0-28-g6e173f8 (console) character file.

10460 Kloppie the Basher (level 11, -1/60 HPs)
             Began as a Vine Stalker Fighter on Nov 30, 2015.
             Was an Elder of Makhleb.
             Slain by an ice devil (5 damage)
             ... in an ice cave.
             The game lasted 00:21:29 (7922 turns).

Kloppie the Basher (Vine Stalker Fighter)           Turns: 7922, Time: 00:21:29

Health: -1/60      AC: 23    Str: 19    XL:     11   Next: 62%
Magic:  0/12       EV:  4    Int:  8    God:    Makhleb [****..]
Gold:   258        SH:  8    Dex: 17    Spells: 0 memorised, 10 levels left

rFire  . . .     SeeInvis .     a - +2 mace (protect)
rCold  . . .     Clarity  .     B - +0 scale mail
rNeg   . . .     SustAt   .     q - +2 buckler
rPois  +         Gourm    .     (no helmet)
rElec  .         Spirit   +     k - +1 cloak
rCorr  .         Warding  .     L - +0 pair of gloves
rMut   .         Stasis   .     y - +1 pair of boots
MR     +....                    (no amulet)
Stlth  ..........               n - +4 ring of protection
                                N - ring of poison resistance

@: very slightly contaminated, hasted, very quick, somewhat resistant to hostile
enchantments, extremely unstealthy
A: fangs 3, regeneration 2, magic shield, antimagic bite, no device heal 3, rot
immunity
a: Minor Destruction, Lesser Servant of Makhleb, Major Destruction, Renounce
Religion


You were in an ice cave.
You worshipped Makhleb.
Makhleb was greatly pleased with you.
You were not hungry.

You visited 3 branches of the dungeon, and saw 11 of its levels.
You also visited: Sewer and Ice Cave.

You collected 568 gold pieces.
You spent 310 gold pieces at shops.

Inventory:

Hand Weapons
 a - a +2 mace of protection (weapon)
 b - a +2 whip of freezing
 E - a +0 flail
Armour
 c - a +0 shield
 k - a +1 cloak (worn)
 q - a +2 buckler (worn)
 y - a +1 pair of boots (worn)
 B - a +0 scale mail (worn)
 L - a +0 pair of gloves (worn)
Jewellery
 n - a +4 ring of protection (right hand)
 N - a ring of poison resistance (left hand)
Wands
 j - a wand of teleportation (4)
 x - a wand of draining (7)
 M - a wand of digging (11)
Scrolls
 i - 2 scrolls of remove curse
 l - 2 scrolls of enchant armour
 o - 3 scrolls of fog
 t - 3 scrolls of teleportation
 D - 2 scrolls of magic mapping
 O - a scroll of fear
Potions
 f - a potion of ambrosia
 g - a potion of flight
 h - a potion of lignification {unknown}
 s - a potion of cancellation
 z - a potion of berserk rage
 F - 3 potions of agility
 G - 3 potions of curing
 P - a potion of brilliance {unknown}
Comestibles
 e - 4 bread rations
 m - 2 fruits
 r - 4 meat rations


   Skills:
 - Level 8.0 Fighting
 + Level 11.6 Maces & Flails
 - Level 7.5 Armour
 - Level 5.6 Shields


You had 10 spell levels left.
You didn't know any spells.

Dungeon Overview and Level Annotations

Branches:
Dungeon (8/15)             Temple (1/1) D:6            Lair (2/8) D:8

Altars:
Ashenzari
Cheibriados
Dithmenos
Elyvilon
Fedhas
Gozag
Kikubaaqudgha
Makhleb
Nemelex Xobeh
Okawaru
Qazlal
Ru
Sif Muna
Trog
Vehumet
Xom
Yredelemnul
Zin
The Shining One

Shops:
D:5 *=   D:8 :

Annotations:
D:4 Wabnappa's ghost, novice DsGl


Innate Abilities, Weirdness & Mutations

You have razor-sharp teeth.
You heal very quickly.
When hurt, damage is shared between your health and your magic reserves.
Your bite disrupts and absorbs the magic of your enemies.
Potions and wands cannot restore your health.
You are immune to rotting.


Message History

You hit the ice devil but do no damage. Your bite misses the ice devil.
The ice devil hits you! The ice devil freezes you!!
* * * LOW HITPOINT WARNING * * *
You are too injured to fight recklessly!
Drink which item? (? for menu, Esc to quit)
You feel yourself speed up.
The ice devil hits you but does no damage.
You are very lightly contaminated with residual magic.
You hit the ice devil but do no damage. Your bite misses the ice devil.
The ice devil barely misses you.
The ice devil hits you but does no damage.
The ice devil hits you but does no damage.
The ice devil hits you.
* * * LOW HITPOINT WARNING * * *
The ice devil freezes you!!
* * * LOW HITPOINT WARNING * * *
There is an ice choked empty arch of ancient stone here.
There is an ice covered gate leading back out of this place here.
The ice devil hits you.
You die...

#### ....## ......#
....... ....... ####
.......########..##
........##..##....##
...............33..#
.⌠.............@∩..#
..........##.......#
........######....##
.......## ##..##
....... #### .......
.....#


You could see 2 ice devils.

Vanquished Creatures
  Erolcha (D:8)
  Pikel (D:6)
  Joseph (D:7)
  A black mamba (Lair:1)
  2 spiny frogs (Lair:1)
  2 komodo dragons
  A trapdoor spider zombie (D:8)
  3 blink frogs (Lair:2)
  3 blue devils (IceCv)
  5 yaks (Lair:1)
  A basilisk (Lair:1)
  Grum (D:7)
  A hippogriff (Lair:2)
  Menkaure (D:7)
  3 wolves (D:7)
  5 water moccasins
  2 orc warriors
  Purgy (Sewer)
  9 ice beasts
  A porcupine (Lair:1)
  2 centaurs (D:5)
  3 phantoms
  3 crocodiles
  A gnoll sergeant (D:6)
  10 giant frogs
  2 scorpions
  10 killer bees (D:8)
  4 crimson imps
  A centaur skeleton (D:8)
  4 orc priests
  A jelly (D:7)
  4 iguanas
  Natasha (D:4)
  6 orc wizards
  2 worker ants
  A killer bee zombie (D:5)
  A hound skeleton (D:7)
  4 gnolls
  5 adders
  24 river rats
  3 shadow imps
  An ooze (D:1)
  An adder zombie (D:5)
  4 worms
  5 giant geckos
  29 orcs
  4 giant cockroaches
  7 goblins
  8 hobgoblins
  2 jackals (D:4)
  4 quokkas
  2 ball pythons
  9 bats
  A giant gecko skeleton (D:6)
  3 giant newts
  A jackal skeleton (D:6)
  11 kobolds
  A quokka skeleton (D:6)
  A quokka zombie (D:6)
  7 rats
238 creatures vanquished.

Vanquished Creatures (others)
  A shadow imp (D:6)
  3 plants (D:8)
4 creatures vanquished.

Grand Total: 242 creatures vanquished

Notes
Turn   | Place    | Note
--------------------------------------------------------------
     0 | D:1      | Kloppie the Vine Stalker Fighter began the quest for the Orb.
     0 | D:1      | Reached XP level 1. HP: 11/11 MP: 2/2
   175 | D:1      | Reached XP level 2. HP: 16/16 MP: 3/3
   412 | D:1      | Reached skill level 3 in Maces & Flails
   446 | D:1      | Reached XP level 3. HP: 19/19 MP: 4/4
   959 | D:2      | Found a sparkling altar of Nemelex Xobeh.
  1324 | D:3      | Reached XP level 4. HP: 23/23 MP: 5/5
  1550 | D:3      | Reached skill level 4 in Maces & Flails
  1583 | D:3      | Found a glowing drain.
  1587 | Sewer    | Entered a sewer
  1784 | Sewer    | Noticed Purgy
  1792 | Sewer    | Killed Purgy
  1792 | Sewer    | Reached skill level 5 in Maces & Flails
  1792 | Sewer    | Reached XP level 5. HP: 21/27 MP: 6/6
  1882 | D:3      | Found a shimmering altar of Xom.
  1882 | D:3      | Found a shimmering altar of Xom.
  1963 | D:3      | Found an iron altar of Okawaru.
  1994 | D:3      | Found a shimmering altar of Xom.
  1995 | D:3      | Found a shimmering altar of Xom.
  2156 | D:4      | Noticed Wabnappa's ghost (novice DsGl)
  2266 | D:4      | Noticed a phantom
  2269 | D:4      | Noticed Natasha
  2296 | D:3      | Killed a phantom
  2296 | D:3      | Gained mutation: You heal very quickly. [Vine Stalker growth]
  2296 | D:3      | Reached XP level 6. HP: 30/32 MP: 7/7
  2310 | D:4      | Killed Natasha
  2310 | D:4      | Reached skill level 6 in Maces & Flails
  2583 | D:5      | Entered Level 5 of the Dungeon
  2625 | D:5      | Reached XP level 7. HP: 35/35 MP: 8/8
  2805 | D:5      | Reached skill level 7 in Maces & Flails
  2860 | D:6      | Found a staircase to the Ecumenical Temple.
  2970 | D:5      | Found a shattered altar of Ashenzari.
  3067 | D:5      | Found Caugesu's Assorted Antiques.
  3087 | D:5      | Bought a scroll labeled INUODA CACHU for 17 gold pieces
  3087 | D:5      | Bought a scroll labeled ONITARCH JOBAU for 17 gold pieces
  3087 | D:5      | Bought a scroll labeled PAGING AS YCUA for 17 gold pieces
  3087 | D:5      | Bought a scroll labeled RORHIA LO TOBBA for 17 gold pieces
  3403 | D:5      | Found Oniad's Jewellery Shoppe.
  3412 | D:5      | Bought a cursed amulet of inaccuracy for 22 gold pieces
  3562 | D:6      | Gained mutation: You have razor-sharp teeth. [Vine Stalker growth]
  3562 | D:6      | Reached XP level 8. HP: 40/42 MP: 9/9
  3621 | D:6      | Reached skill level 5 in Fighting
  3675 | Temple   | Entered the Ecumenical Temple
  4010 | Temple   | Became a worshipper of Makhleb the Destroyer
  4291 | D:6      | Found a white marble altar of Elyvilon.
  4291 | D:6      | Found a glowing silver altar of Zin.
  4292 | D:6      | Found a glowing golden altar of the Shining One.
  4337 | D:6      | Noticed Pikel
  4361 | D:6      | Killed Pikel
  4361 | D:6      | Reached XP level 9. HP: 47/51 MP: 10/10
  4384 | D:6      | Found a shadowy altar of Dithmenos.
  4545 | D:6      | Reached skill level 8 in Fighting
  4640 | D:6      | Found a sacrificial altar of Ru.
  4840 | D:7      | Reached * piety under Makhleb
  5033 | D:7      | Noticed Menkaure
  5042 | D:7      | Killed Menkaure
  5163 | D:7      | Noticed Joseph
  5188 | D:7      | Killed Joseph
  5188 | D:7      | Reached skill level 5 in Armour
  5399 | D:8      | Found a staircase to the Lair.
  5399 | D:8      | Noticed Grum
  5464 | D:7      | Killed Grum
  5499 | D:8      | Noticed a komodo dragon
  5592 | D:8      | Found Sirekh's Book Shop.
  5639 | D:8      | Reached XP level 10. HP: 52/56 MP: 11/11
  5650 | D:8      | Killed a komodo dragon
  5889 | D:8      | Reached ** piety under Makhleb
  5927 | D:8      | Found a stormy altar of Qazlal.
  5996 | D:8      | Noticed Erolcha
  6012 | D:8      | Killed Erolcha
  6012 | D:8      | Reached skill level 5 in Shields
  6336 | D:5      | Bought an uncursed ring of poison resistance for 220 gold pieces
  6487 | Lair:1   | Entered Level 1 of the Lair of Beasts
  6707 | Lair:1   | Reached skill level 9 in Maces & Flails
  6710 | Lair:1   | Reached *** piety under Makhleb
  6825 | Lair:1   | Reached XP level 11. HP: 60/60 MP: 12/12
  6941 | Lair:1   | Found an iron altar of Okawaru.
  7030 | Lair:1   | Noticed a black mamba
  7036 | Lair:1   | Reached skill level 10 in Maces & Flails
  7048 | Lair:1   | Killed a black mamba
  7695 | Lair:2   | Found a frozen archway.
  7704 | Lair:2   | Reached skill level 11 in Maces & Flails
  7715 | Lair:2   | Reached **** piety under Makhleb
  7781 | IceCv    | Entered an ice cave
  7901 | IceCv    | Noticed an ice devil
  7901 | IceCv    | Noticed an ice devil
  7922 | IceCv    | Slain by an ice devil

Action                   |  1- 3 |  4- 6 |  7- 9 | 10-12 || total
-------------------------+-------+-------+-------+-------++-------
Melee: Flail             |   103 |   134 |    19 |       ||   256
       Mace              |       |       |   133 |    57 ||   190
       Whip              |       |       |   150 |   463 ||   613
  Use: Potion            |       |     1 |       |     1 ||     2
       Scroll            |       |       |    14 |     5 ||    19
  Eat: Chunk             |     1 |     5 |    10 |     5 ||    21
       Fruit             |       |       |       |     2 ||     2
       Beef jerky        |       |       |       |     1 ||     1
